Map: Orbital Shipyard

Players

Botvinnik - Winner!

  • Race: Terran Terran
  • League: Master

Welmu

  • Race: Protoss Protoss
  • League: Grandmaster

Event: DreamHack ZOWIE Open Leipzig

VOD

Have the link to the VOD?

Description

Time

  • Played on: Jan. 22, 2016, 7:54 a.m.
  • Length: 19:54

All games in this series

Show
View Real Time Build Order
Export as new Build Order

Botvinnik Terran - Winner!

Build Orders: Reaper Expand, MMM Bio 

Get SALT Encoding   

  12  0:00  SCV  
  13  0:12  SCV  
  14  0:17  Supply Depot  
  14  0:25  SCV  
  15  0:39  SCV  
  15  0:42  Barracks  
  16  0:45  Refinery  
  16  0:51  SCV  
  17  1:03  SCV  
  18  1:15  SCV  
  19  1:28  Reaper  
  19  1:29  Orbital Command  
  20  1:41  Command Center  
  20  1:52  Supply Depot  
  20  1:55  SCV  
  20  2:01  Barracks Reactor  
  21  2:07  SCV  
  22  2:19  Bunker  
  22  2:20  SCV  
  23  2:25  Factory  
  23  2:33  SCV  
  24  2:37  Marine x2  
  26  2:45  SCV  
  27  2:52  Bunker  
  27  2:55  Marine x2, Orbital Command  
  29  3:01  SCV  
  29  3:03  Refinery  
  30  3:12  Factory Tech Lab  
  30  3:13  Marine x2  
  32  3:22  SCV  
  32  3:23  SCV  
  34  3:30  Marine  
  34  3:31  Marine  
  36  3:34  SCV  
  36  3:35  Cyclone  
  40  3:44  SCV  
  41  3:48  Marine x2  
  43  3:55  Command Center  
  43  3:58  SCV x2  
  43  4:02  Supply Depot  
  45  4:08  Marine x2  
  46  4:15  Factory Tech Lab  
  46  4:17  Barracks  
  46  4:19  Barracks  
  48  4:24  SCV x2  
  48  4:26  Supply Depot  
  48  4:28  Marine x2  
  50  4:37  SCV, Engineering Bay  
  51  4:38  Engineering Bay  
  51  4:39  SCV  
  51  4:41  Factory Reactor  
  52  4:49  SCV  
  52  4:51  SCV  
  54  5:02  SCV  
  54  5:03  SCV  
  56  5:08  Orbital Command  
  56  5:09  Terran Infantry Weapons Level 1, Terran Infantry Armor Level 1  
  56  5:11  Combat Shields, Stimpack  
  56  5:13  Marine x4  
  60  5:16  Refinery  
  60  5:17  Supply Depot, Refinery, SCV x2  
  60  5:20  Widow Mine x2  
  66  5:29  SCV  
  66  5:30  SCV  
  66  5:32  Starport  
  66  5:33  Marauder  
  66  5:35  SCV  
  71  5:41  Marauder  
  73  5:43  Marine x2  
  73  5:46  SCV x2  
  77  5:50  Widow Mine x2  
  77  5:57  Marauder  
  83  6:01  Supply Depot  
  83  6:02  Supply Depot  
  83  6:03  Supply Depot  
  81  6:05  SCV x2  
  81  6:10  Missile Turret, Orbital Command  
  81  6:11  Missile Turret  
  80  6:17  Supply Depot  
  80  6:23  Marauder x2, Marine x2  
  86  6:26  SCV x2  
  86  6:27  Factory Reactor  
  88  6:36  Medivac x2  
  88  6:38  SCV x2  
  94  6:43  Marine x2  
  94  6:45  Supply Depot  
  94  6:46  SCV  
  97  6:47  Armory  
  97  6:49  Missile Turret  
  97  6:50  SCV  
  97  6:57  Missile Turret  
  97  6:58  SCV  
  97  6:59  Liberator  
  97  7:01  Liberator  
  98  7:02  Barracks  
  98  7:04  Barracks  
  98  7:10  SCV x2  
  98  7:11  SCV  
  101  7:16  Concussive Shells  
  101  7:22  SCV x2  
  109  7:25  Widow Mine x2  
  113  7:31  SCV  
  113  7:34  SCV  
  115  7:37  Terran Infantry Weapons Level 2  
  115  7:39  SCV  
  115  7:41  Refinery  
  115  7:43  SCV, Refinery  
  119  7:45  Terran Infantry Armor Level 2  
  119  7:46  SCV  
  119  7:50  Barracks Reactor  
  118  7:53  Barracks Tech Lab  
  118  7:58  Marine x2  
  118  8:01  Medivac x2  
  118  8:03  SCV  
  125  8:09  SCV, Supply Depot  
  125  8:10  Supply Depot x3  
  126  8:19  Liberator, Marine x2  
  128  8:21  Marauder x2  
  128  8:22  Terran Ship Weapons Level 1  
  128  8:23  SCV, Liberator  
  128  8:26  Supply Depot  
  128  8:27  SCV x2, Supply Depot  
  133  8:31  Marauder  
  135  8:37  Starport  
  135  8:39  SCV x2  
  135  8:40  SCV  
  144  8:43  Marine x4  
  144  8:44  Marine x2  
  150  8:52  Marine  
  150  9:06  Liberator x2  
  150  9:07  Command Center  
  148  9:11  Marauder x2, Marine x2  
  148  9:12  Marine x2  
  148  9:16  Marauder  
  153  9:34  Marauder  
  146  9:48  Marauder x2  
  150  9:58  Liberator x3  
  150  10:04  Marauder  
  150  10:06  Marine x4  
  164  10:23  Supply Depot  
  164  10:32  Barracks  
  164  10:33  Barracks  
  164  10:35  Barracks  
  164  10:43  Terran Infantry Weapons Level 3  
  164  10:46  Terran Infantry Armor Level 3  
  164  10:51  Marine x2  
  164  10:54  Marine  
  164  10:55  Marine  
  168  11:00  Ghost Academy  
  168  11:07  Planetary Fortress  
  167  11:21  Barracks Tech Lab  
  167  11:22  Barracks Reactor, Barracks Tech Lab  
  167  11:23  Terran Ship Weapons Level 2, Marine x4  
  170  11:26  Missile Turret  
  163  11:43  Liberator x2  
  155  11:47  Marauder x2, Marine  
  155  11:48  SCV, Marine x2  
  155  11:49  SCV x2  
  155  11:52  Sensor Tower  
  160  11:59  Medivac x2  
  170  12:08  Missile Turret  
  170  12:09  Missile Turret  
  170  12:11  Missile Turret  
  170  12:18  Ghost x3  
  175  12:33  Liberator x2  
  175  12:34  Liberator  
  175  12:48  Ghost  
  186  12:57  Command Center, Refinery  
  186  13:06  Ghost  
  186  13:07  Ghost, Marine  
  186  13:08  Marine x2, Marauder x2  
  197  13:17  Marauder  
  197  13:18  Liberator  
  188  13:51  Medivac x2  
  188  13:52  Medivac  
  190  13:59  Marauder x5  
  190  14:01  Terran Ship Weapons Level 3  
  198  14:06  Command Center  
  193  14:20  Marauder  
  198  14:40  Marauder, Marine x4  
  198  14:41  Marauder  
  198  14:44  Planetary Fortress, Viking x2  
  197  15:07  Viking  
  193  15:21  Viking x3  
  192  15:25  Marine x2, Marauder x2  
  192  15:26  Marine x2  
  192  15:27  Orbital Command  
  196  15:29  Marine x2  
  196  15:30  Marauder  
  198  16:07  Command Center, Refinery  
  198  16:14  Viking  
  196  16:28  Viking x2  
  199  16:41  Command Center  
  197  16:47  Viking  
  197  16:49  Terran Vehicle And Ship Armor Level 1  
  187  16:57  Viking  
  187  16:58  Viking  
  190  17:02  Command Center  
  190  17:05  Liberator x2  
  167  17:19  Marine  
  167  17:20  Marine x6, Marauder x4  
  159  17:33  Medivac  
  159  17:34  Medivac  
  163  17:37  Marine x2  
  163  17:38  Marine x4  
  163  17:39  Marauder  
  163  17:41  Marauder x2  
  163  17:42  Marauder x2  
  172  17:55  Marine x2  
  172  17:56  Marine x4  
  171  18:00  Marauder  
  171  18:02  Marauder x2  
  171  18:03  Marauder x2  
  176  18:10  Viking x2, Medivac x2  
  172  18:13  Marine x3  
  172  18:14  Marine x3  
  178  18:22  Marauder  
  178  18:24  Marauder x3  
  178  18:25  Command Center, Marauder  
  186  18:31  Marine  
  168  18:43  Marauder  
  168  18:45  Marine, Marauder x2  
  168  18:46  Marauder x2, Marine x3  
  168  19:01  Viking x4  
  167  19:04  Planetary Fortress, Marauder  
  167  19:06  Ghost x2, Marauder  
  168  19:10  Ghost  
  168  19:11  Marine  
  168  19:16  Marine x3  
  175  19:36  Marine x4  
Show
View Real Time Build Order
Export as new Build Order

Welmu Protoss 

Build Orders: 1 Gate Expand 

Get SALT Encoding   

  12  0:01  Probe (Chrono Boost)  
  13  0:11  Probe (Chrono Boost)  
  14  0:17  Pylon  
  14  0:22  Probe (Chrono Boost)  
  16  0:35  Probe (Chrono Boost), Gateway  
  16  0:43  Assimilator  
  16  0:46  Probe (Chrono Boost)  
  17  0:56  Probe (Chrono Boost)  
  18  1:07  Probe (Chrono Boost)  
  19  1:20  Nexus  
  19  1:30  Cybernetics Core  
  19  1:33  Probe (Chrono Boost)  
  20  1:41  Assimilator  
  20  1:44  Probe (Chrono Boost)  
  21  1:51  Pylon  
  21  1:54  Probe (Chrono Boost)  
  22  2:09  Adept (Chrono Boost)  
  22  2:10  Mothership Core (Chrono Boost)  
  26  2:17  Warp Gate  
  26  2:28  Probe (Chrono Boost)  
  27  2:31  Probe (Chrono Boost)  
  27  2:36  Adept (Chrono Boost)  
  30  2:39  Probe (Chrono Boost)  
  30  2:43  Probe (Chrono Boost)  
  32  2:50  Probe (Chrono Boost)  
  32  2:51  Pylon  
  33  2:52  Probe (Chrono Boost), Pylon  
  34  3:01  Probe  
  34  3:02  Probe  
  36  3:12  Probe  
  36  3:13  Probe  
  36  3:15  Adept (Chrono Boost)  
  40  3:20  Stargate  
  40  3:24  Probe (Chrono Boost)  
  40  3:25  Probe (Chrono Boost)  
  42  3:35  Probe (Chrono Boost)  
  42  3:36  Probe (Chrono Boost)  
  42  3:39  Pylon  
  44  3:46  Probe (Chrono Boost)  
  44  3:47  Probe (Chrono Boost)  
  44  3:56  Probe (Chrono Boost)  
  44  3:57  Probe (Chrono Boost)  
  46  4:06  Probe (Chrono Boost)  
  47  4:10  Probe (Chrono Boost), Oracle (Chrono Boost)  
  50  4:20  Gateway, Nexus, Pylon  
  50  4:22  Probe  
  50  4:23  Sentry  
  53  4:25  Pylon  
  53  4:31  Twilight Council  
  53  4:33  Forge  
  53  4:36  Probe x2  
  55  4:41  Assimilator  
  55  4:46  Assimilator  
  55  4:47  Phoenix (Chrono Boost)  
  55  4:48  Probe  
  55  4:49  Probe  
  59  4:53  Pylon  
  59  4:54  Resonating Glaives  
  59  5:00  Probe x2  
  61  5:07  Protoss Ground Weapons Level 1 (Chrono Boost)  
  61  5:12  Probe x2  
  63  5:17  Phoenix  
  65  5:22  Pylon  
  65  5:24  Probe  
  65  5:25  Probe, Adept  
  69  5:31  Probe  
  69  5:32  Robotics Facility  
  70  5:36  Probe  
  70  5:37  Probe  
  70  5:42  Probe  
  72  5:46  Forge  
  72  5:48  Probe  
  72  5:49  Probe  
  50  5:50  Phoenix  
  75  5:53  Probe  
  78  6:01  Probe x2  
  78  6:03  Probe  
  81  6:13  Probe x2  
  81  6:14  Probe, Pylon  
  81  6:18  Pylon, Assimilator  
  84  6:19  Pylon  
  84  6:20  Warp Prism  
  84  6:22  Adept x2  
  84  6:25  Probe  
  91  6:28  Gateway x2  
  91  6:29  Protoss Ground Armor Level 1 (Chrono Boost)  
  91  6:34  Gateway  
  91  6:36  Gateway  
  91  6:39  Pylon x2  
  91  6:41  Probe  
  91  6:42  Probe  
  93  6:55  Adept  
  93  6:56  Observer  
  93  7:01  Protoss Ground Weapons Level 2 (Chrono Boost)  
  96  7:05  Robotics Facility  
  96  7:08  Assimilator  
  96  7:11  Templar Archives, Photon Cannon  
  96  7:12  Adept  
  96  7:13  Pylon  
  96  7:14  Pylon  
  98  7:18  Immortal, Adept  
  104  7:33  Pylon  
  104  7:35  Pylon  
  104  7:38  Photon Cannon  
  104  7:41  Pylon  
  104  7:44  Psionic Storm  
  104  7:52  High Templar x2  
  104  7:53  Adept x4  
  104  7:55  Observer  
  104  7:57  Immortal  
  121  8:03  Gateway  
  121  8:04  Gateway  
  121  8:07  Gateway  
  121  8:11  Gateway  
  121  8:14  Protoss Ground Armor Level 2 (Chrono Boost)  
  121  8:16  Immortal  
  125  8:26  Nexus  
  125  8:27  Pylon  
  125  8:28  Pylon  
  125  8:35  Blink  
  125  8:36  Immortal  
  129  8:44  Adept x5  
  129  8:48  High Templar  
  141  8:56  Immortal  
  145  9:10  Adept x6  
  153  9:25  Immortal  
  153  9:28  Protoss Ground Weapons Level 3, Probe x2  
  153  9:29  Probe  
  160  9:35  Immortal  
  158  9:40  Probe  
  158  9:41  Probe  
  156  9:49  Adept  
  156  9:50  Stalker, Adept  
  156  9:52  High Templar x2  
  160  9:58  Adept x2, Archon  
  166  10:05  Immortal, Adept x3  
  176  10:19  Stalker x5  
  186  10:28  Protoss Ground Armor Level 3  
  186  10:41  Pylon  
  186  10:45  Pylon  
  186  10:47  Stalker x5  
  196  10:59  Assimilator  
  196  11:02  Photon Cannon  
  196  11:03  Photon Cannon  
  196  11:04  Assimilator  
  192  11:35  Adept x4  
  179  11:49  Adept x2  
  179  11:53  Fleet Beacon  
  183  12:12  Void Ray (Chrono Boost), Stargate  
  181  12:15  Stargate  
  181  12:16  Stargate  
  181  12:19  Protoss Air Weapons Level 1 (Chrono Boost)  
  181  12:44  Stalker x7  
  181  12:45  Stalker x2  
  199  13:01  High Templar  
  194  13:07  Tempest  
  198  13:15  Pylon  
  198  13:16  Pylon  
  198  13:26  Pylon  
  180  13:28  Tempest x2  
  180  13:33  Pylon  
  180  13:39  Adept  
  180  13:40  Adept x4  
  187  13:42  Adept  
  187  13:43  Adept  
  187  13:47  Assimilator  
  187  13:49  Tempest  
  187  13:53  Photon Cannon  
  187  13:55  Photon Cannon  
  182  13:57  Adept x3, Photon Cannon  
  186  14:05  Adept x3  
  186  14:09  Photon Cannon  
  190  14:10  Tempest  
  190  14:11  Tempest  
  190  14:15  Protoss Shields Level 1  
  197  14:21  High Templar  
  197  14:22  Nexus, Assimilator  
  198  14:25  Pylon  
  198  14:26  Assimilator  
  198  14:29  Pylon  
  198  14:35  Tempest  
  197  14:54  Adept  
  198  15:05  Adept  
  199  15:13  Adept  
  199  15:14  Adept x3  
  195  15:17  Tempest  
  193  15:22  Tempest  
  193  15:26  Photon Cannon  
  193  15:28  Photon Cannon  
  193  15:31  Adept x3, Photon Cannon  
  193  15:33  Probe  
  193  15:34  Nexus  
  197  15:37  Assimilator x2  
  197  15:40  Adept x2  
  191  15:44  Nexus  
  191  15:46  Probe x2  
  191  15:47  Probe  
  191  15:49  Pylon  
  188  15:52  Pylon  
  187  15:58  Probe x2  
  187  16:00  Probe  
  190  16:07  Adept  
  190  16:10  Probe x2  
  194  16:12  Probe  
  195  16:22  Probe  
  196  16:30  Probe x2  
  196  16:32  Protoss Shields Level 2 (Chrono Boost)  
  197  16:34  Probe  
  195  16:42  Probe  
  195  16:44  Probe  
  189  16:57  Adept x4  
  189  17:00  Probe  
  198  17:03  Probe  
  198  17:05  Probe  
  198  17:12  Archon  
  184  17:17  Adept x2  
  184  17:20  Probe  
  177  17:28  Assimilator  
  177  17:29  Assimilator  
  161  17:44  Probe  
  160  17:45  Probe  
  160  17:46  Probe x2  
  154  17:54  Probe  
  154  17:58  Probe  
  149  17:59  Probe  
  151  18:10  High Templar x7  
  165  18:19  Nexus  
  165  18:24  High Templar, Archon x3  
  165  18:25  High Templar x2  
  155  18:45  Zealot x5  
  155  18:46  Zealot x2  
  133  19:15  Archon  
  127  19:21  High Templar x2  
  127  19:22  Zealot x3  
  137  19:38  Zealot x3  

Tags
 
Add a new tag
Caveats
  • Supply blocks, unpowered buildings, or Contaminate may cause inaccurate times.
  • Supply counts are checked every 10 seconds.